 Dungeon Crawl Stone Soup version 0.21-a0-426-g98080a9 (webtiles) character file.

307 kae the Insei (level 6, -2/51 HPs)
             Began as a Draconian Transmuter on Nov 7, 2017.
             Was an Initiate of Wu Jian.
             Slain by an iguana (8 damage)
             ... on level 3 of the Dungeon.
             The game lasted 00:03:56 (3809 turns).

kae the Insei (Draconian Transmuter)                Turns: 3809, Time: 00:03:56

Health: -2/51      AC:  7    Str: 13    XL:     6   Next: 16%
Magic:  10/10      EV: 13    Int: 13    God:    Wu Jian [......]
Gold:   213        SH:  0    Dex: 22    Spells: 5/11 levels left

rFire    + . .     SeeInvis .   n - +7 hand axe "Ysisunt" {chop, *Noise +Fly rF+ Dex+9}
rCold    . . .     Gourm    .   (no shield)
rNeg     . . .     Faith    .   (armour unavailable)
rPois    .         Spirit   .   (helmet restricted)
rElec    .         Reflect  .   i - +0 cloak
rCorr    .         Harm     .   (no gloves)
MR       .....                  (no boots)
Stlth    ++........             (no amulet)
HPRegen  0.17/turn              (no ring)
MPRegen  0.12/turn              (no ring)

@: lethally poisoned (-2 -> -5)
A: unfitting armour, cold-blooded, AC +6
a: Renounce Religion, Evoke Flight


You were on level 3 of the Dungeon.
You worshipped Wu Jian.
Wu Jian was noncommittal.
You were hungry.

You visited 2 branches of the dungeon, and saw 5 of its levels.

You collected 213 gold pieces.

Inventory:

Hand Weapons
 n - the +7 hand axe "Ysisunt" (weapon) {chop, *Noise +Fly rF+ Dex+9}
   (You found it on level 4 of the Dungeon)

   It inflicts extra damage upon your enemies.
   It affects your dexterity (+9).
   It protects you from fire.
   It lets you fly.
   It may make noises in combat.
Missiles
 a - 10 arrows
Armour
 i - a +0 cloak (worn)
Scrolls
 e - 2 scrolls of fear
 f - a scroll of remove curse
 m - 2 scrolls of enchant armour
 v - a scroll of enchant weapon
Potions
 d - a potion of heal wounds
 g - 2 potions of brilliance
 h - a potion of lignification {unknown}
 k - 2 potions of flight
 l - a potion of curing
 o - 2 potions of haste
 q - a potion of berserk rage
 u - a potion of might
Books
 b - a book of Changes

   Spells                             Type                      Level
   a - Beastly Appendage              Transmutation                1
   b - Sticks to Snakes               Transmutation                2
   c - Spider Form                    Transmutation/Poison         3
   d - Ice Form                       Ice/Transmutation            4
   e - Blade Hands                    Transmutation                5
 p - a book of Maledictions

   Spells                             Type                      Level
   a - Corona                         Hexes                        1
   b - Ensorcelled Hibernation        Hexes/Ice                    2
   c - Confuse                        Hexes                        3
   d - Tukima's Dance                 Hexes                        3
   e - Dazzling Spray                 Conjuration/Hexes            3
Comestibles
 c - 3 bread rations
 j - 4 fruits
 t - a meat ration


   Skills:
 + Level 3.1 Fighting
 - Level 1.7 Dodging
 * Level 4.9 Unarmed Combat
 + Level 3.1 Spellcasting
 + Level 3.3 Transmutations


You had 5 spell levels left.
You knew the following spells:

 Your Spells              Type           Power        Failure   Level  Hunger
a - Beastly Appendage     Tmut           ##....       5%          1    #......
b - Sticks to Snakes      Tmut           ##......     9%          2    ##.....
c - Spider Form           Tmut/Pois      #.........   34%         3    ###....


Dungeon Overview and Level Annotations

Branches:
Dungeon (4/15)             Temple (1/1) D:4

Altars:
Ashenzari
Cheibriados
Elyvilon
Fedhas
Gozag
Hepliaklqana
Nemelex Xobeh
Okawaru
Qazlal
Sif Muna
Uskayaw
Wu Jian
Xom
Zin

Annotations:
D:3 Ijustatesigmund's ghost, weakling OpEn
D:4 Robin


Innate Abilities, Weirdness & Mutations

Your plain brown scales are hard. (AC +6)
You cannot fit into any form of body armour.
You are cold-blooded and may be slowed by cold attacks.


Message History

The worker ant closely misses you. The worker ant misses you.
Things that are here:
a war axe; a leather armour; a flail You closely miss the worker ant.
The worker ant is moderately wounded.
You hit the iguana but do no damage. The iguana bites you!
* * * LOW HITPOINT WARNING * * *
The worker ant waves its antennae.
The worker ant closely misses you.
You hit the worker ant.
Your tail-slap misses the worker ant.
The worker ant is severely wounded.
You hit the iguana. The worker ant bites you.
* * * LOW HITPOINT WARNING * * *
You are poisoned.
The worker ant poisons you!
The iguana bites you but does no damage.
The worker ant bites you.
* * * LOW HITPOINT WARNING * * *
The iguana bites you!
You die...

######## ##......##
##...).@..## #.....>al.(#
#......)...# #..........#
#..........###########
#...............)....#
##........#..........#
##########....................#
........##....................#


You could see an iguana and a worker ant.

Vanquished Creatures
  An ogre (D:4)
  A hound (D:4)
  An orc priest (D:3)
  6 adders
  2 worms
  2 dart slugs (D:2)
  3 leopard geckos
  7 orcs
  3 giant cockroaches
  13 goblins
  7 hobgoblins
  9 jackals
  A ball python (D:1)
  5 bats
  2 kobolds
  A leopard gecko skeleton (D:4)
  6 rats
70 creatures vanquished.

Vanquished Creatures (collateral kills)
  An orc wizard (D:3)
1 creature vanquished.

Grand Total: 71 creatures vanquished

Notes
Turn   | Place    | Note
-------+----------+-------------------------------------------
     0 | D:1      | kae the Draconian Transmuter began the quest for the Orb.
     0 | D:1      | Reached XP level 1. HP: 16/16 MP: 3/3
    90 | D:1      | Reached XP level 2. HP: 15/23 MP: 3/5
   207 | D:1      | Learned a level 2 spell: Sticks to Snakes
   868 | D:1      | Reached XP level 3. HP: 29/29 MP: 6/6
  1208 | D:2      | Found an iron altar of Okawaru.
  2057 | D:3      | Reached XP level 4. HP: 14/36 MP: 5/7
  2340 | D:3      | Reached skill level 4 in Unarmed Combat
  2349 | D:3      | Found a shimmering altar of Xom.
  2350 | D:3      | Found a shimmering altar of Xom.
  2350 | D:3      | Found a shimmering altar of Xom.
  2350 | D:3      | Found a shimmering altar of Xom.
  2360 | D:3      | Learned a level 3 spell: Spider Form
  2565 | D:3      | Reached XP level 5. HP: 40/42 MP: 7/9
  2599 | D:3      | Noticed Ijustatesigmund's ghost (weakling OpEn)
  3405 | D:4      | Got a transparent hand axe
  3406 | D:4      | Identified the +7 hand axe "Ysisunt" {chop, *Noise +Fly rF+ Dex+9} (You found it on level 4 of the Dungeon)
  3416 | D:4      | Noticed an ogre
  3418 | D:4      | Found a staircase to the Ecumenical Temple.
  3426 | D:4      | Killed an ogre
  3426 | D:4      | Reached XP level 6. HP: 51/51 MP: 8/10
  3438 | Temple   | Entered the Ecumenical Temple
  3642 | Temple   | Became a worshipper of the Wu Jian Council
  3657 | D:4      | Noticed Robin
  3809 | D:3      | Slain by an iguana

Vault maps used:
D:1:      lightli_iron_boxes
D:2:      okawaru_gym_becter, first_bread
D:3:      xom_redecorated
D:4:      overflow_temple_1_default, minmay_temple_entry_crystal_x, bloody_trog,
          uniq_robin
Temple:   nicolae_temple_figure_eight

Skill      XL: |  1  2  3  4  5 |
---------------+----------------+-----
Fighting       | 2 3 |  3.1
Unarmed Combat | 4 |  4.9
Transmutations | 3 |  3.3
Spellcasting   | 3 |  3.1
Dodging        | |  1.7

Action                   |  1- 3 |  4- 6 || total
-------------------------+-------+-------++-------
Melee: Unarmed           |   159 |    84 ||   243
       Tailslap          |    13 |     5 ||    18
       Punch             |     2 |     2 ||     4
       Headbutt          |     1 |     5 ||     6
       Hand axe          |       |    14 ||    14
 Cast: Beastly Appendage |     4 |     3 ||     7
       Sticks to Snakes  |       |     2 ||     2
       Spider Form       |       |     2 ||     2
  Use: Scroll            |     8 |     6 ||    14
 Stab: Sleeping          |     3 |       ||     3
  Eat: Chunk             |     3 |     6 ||     9
Armor: Skin              |    74 |    21 ||    95
Dodge: Dodged            |   137 |    86 ||   223

Table legend:
 A = Spawn XP
 B = Non-spawn XP
 C = Spawn XP percentage of total XP
 D = Spawn monster count
 E = Non-spawn monster count
 F = Spawn count percentage of total count
 G = Total turns spent on level
                    A         B        C        D         E        F      G
               +---------+---------+-------+---------+---------+-------+---------
         Total |       0 |     439 |   0.0 |       0 |      71 |   0.0 |  3809
               +---------+---------+-------+---------+---------+-------+---------
           D:1 |       0 |      43 |   0.0 |       0 |      24 |   0.0 |  1075
           D:2 |       0 |      55 |   0.0 |       0 |      14 |   0.0 |  1088
           D:3 |       0 |     138 |   0.0 |       0 |      22 |   0.0 |   979
           D:4 |       0 |     203 |   0.0 |       0 |      11 |   0.0 |   449
               +---------+---------+-------+---------+---------+-------+---------
